 Dungeon Crawl Stone Soup version 0.27.1-16-g815e20cd7a (webtiles) character file.

Game seed: 6569596319409104856

58854 swappor the Blocker (level 14, -4/132 HPs)
             Began as a Minotaur Berserker on Nov 21, 2021.
             Was a High Priest of Trog.
             Slain by a dire elephant simulacrum (7 damage)
             ... on level 6 of the Lair of Beasts.
             The game lasted 01:22:06 (19450 turns).

swappor the Blocker (Minotaur Berserker)           Turns: 19450, Time: 01:22:07

Health: -4/132     AC: 17    Str: 32    XL:     14   Next: 51%
Magic:  0/13       EV: 14    Int:  4    God:    Trog [*****.]
Gold:   1353       SH: 16    Dex: 11    Spells: 13/13 levels left

rFire    . . .     SeeInvis .   a - +5 war axe (vamp)
rCold    + . .     Faith    .   w - +2 kite shield
rNeg     . . .     Spirit   +   h - +3 ring mail {Will+}
rPois    +         Reflect  .   n - +1 hat
rElec    .         Harm     +   O - +1 cloak {rPois}
rCorr    .         Rampage  +   M - +0 pair of gloves "Nuteubb" {Harm rC+ Str+6}
Will     +++..                  B - +1 pair of boots {rampage}
Stlth    +.........             G - amulet of guardian spirit
HPRegen  0.32/turn              i - ring of willpower
MPRegen  0.13/turn              Y - +4 ring of slaying

@: on berserk cooldown, slowed, very slow
A: horns 2, retaliatory headbutt
a: Renounce Religion, Berserk, Trog's Hand, Brothers in Arms


You were on level 6 of the Lair of Beasts.
You worshipped Trog.
Trog was extremely pleased with you.
You visited 3 branches of the dungeon, and saw 18 of its levels.
You also visited: Gauntlet.

You collected 1353 gold pieces.


Innate Abilities, Weirdness & Mutations

You have a pair of horns on your head.
You reflexively headbutt those who attack you in melee.


   Skills:
 + Level 14.1 Fighting
 + Level 14.2 Axes
 + Level 10.9 Armour
 + Level 10.1 Dodging
 - Level 0.1 Stealth
 * Level 14.3 Shields
 + Level 8.1 Evocations


You had 13 spell levels left.
You didn't know any spells.
Your spell library contained the following spells:

 Spells                   Type           Power      Damage    Failure   Level
 Beastly Appendage        Tmut           0%         N/A       63%         1
 Corona                   Hex            0%         N/A       63%         1
 Corpse Rot               Necr/Air       N/A        N/A       77%         2
 Ensorcelled Hibernation  Hex/Ice        0%         N/A       77%         2
 Wereblood                Tmut           0%         N/A       77%         2
 Ignite Poison            Fire/Tmut/Pois 0%         N/A       94%         3
 Spider Form              Tmut/Pois      0%         N/A       94%         3
 Tukima's Dance           Hex            0%         N/A       94%         3
 Dispel Undead            Necr           0%         3d6       100%        4
 Passage of Golubria      Tloc           N/A        N/A       100%        4
 Silence                  Hex/Air        0%         N/A       100%        5
 Death Channel            Necr           0%         N/A       100%        6
 Lehudib's Crystal Spear  Conj/Erth      0%         10d2      100%        8
 Shatter                  Erth           0%         3d5*      100%        9

Inventory:

Hand Weapons
 a - a +5 vampiric war axe (weapon)
   (You found it in a Gauntlet)
 b - the +4 morningstar of Leprig {venom, rC+}
   (You found it in a Gauntlet)

   It poisons the flesh of those it strikes.
   rC:        It protects you from cold.
 T - a +1 hand axe of flaming
   (Trog gifted it to you on level 6 of the Lair of Beasts)
Missiles
 k - 16 javelins (quivered)
 z - 72 bolts
 J - 69 stones
 N - 36 arrows
Armour
 h - a +3 ring mail of willpower (worn)
   (You found it on level 1 of the Dungeon)
 n - a +1 hat (worn)
   (You found it on level 3 of the Lair of Beasts)
 w - a +2 kite shield (worn)
   (You found it on level 6 of the Dungeon)
 B - a +1 pair of boots of rampaging (worn)
   (You found it on level 9 of the Dungeon)
 M - the +0 pair of gloves "Nuteubb" (worn) {Harm rC+ Str+6}
   (You found it in a Gauntlet)

   Str:       It affects your strength (+6).
   rC:        It protects you from cold.
   Harm:      It increases damage dealt and taken.
 O - a +1 cloak of poison resistance (worn)
   (You took it off Crazy Yiuf on level 5 of the Dungeon)
Jewellery
 i - a ring of willpower (left hand)
   (You found it on level 2 of the Dungeon)
 o - a ring of protection from fire
   (You found it on level 4 of the Dungeon)
 G - an amulet of guardian spirit (around neck)
   (You found it in a Gauntlet)
 Y - a +4 ring of slaying (right hand)
   (You acquired it on level 9 of the Dungeon)
Wands
 q - a wand of paralysis (12)
   (You found it in a Gauntlet)
 r - a wand of polymorph (33)
   (You found it on level 9 of the Dungeon)
 s - a wand of charming (22)
   (You took it off Ijyb on level 5 of the Dungeon)
 u - a wand of digging (6)
   (You took it off Pikel on level 5 of the Dungeon)
 y - a wand of mindburst (19)
   (You took it off a kobold brigand on level 6 of the Dungeon)
 E - a wand of flame (12)
   (You found it on level 8 of the Dungeon)
 K - a wand of iceblast (15)
   (You found it on level 11 of the Dungeon)
Scrolls
 c - 13 scrolls of identify {@r1}
 d - 2 scrolls of summoning
 f - 7 scrolls of magic mapping {!r}
 p - 4 scrolls of teleportation {@r4}
 t - a scroll of fear
 v - a scroll of fog
 A - a scroll of blinking {!r}
 D - a scroll of enchant weapon
 I - a scroll of enchant armour
 P - a scroll of silence {unknown}
 Q - a scroll of torment {unknown}
 S - a scroll of immolation {!r!r}
Potions
 e - 6 potions of curing {@q1}
 g - 6 potions of lignification {!q}
 j - 2 potions of haste {@q3}
 l - 3 potions of heal wounds {@q2}
 m - 4 potions of might
 x - a potion of cancellation
 C - a potion of magic
 F - 2 potions of flight
 H - a potion of resistance
 L - 4 potions of mutation {!q}
 R - a potion of berserk rage {unknown}
 U - a potion of degeneration {unknown}

Dungeon Overview and Level Annotations

Branches:
Dungeon (11/15)            Temple (1/1) D:7            Lair (6/6) D:11
 Shoals (0/4) Lair:4        Snake (0/4) Lair:4        Slime (0/5) Lair:6
    Orc (0/2) D:11        Gauntlet (visited)

Altars:
Ashenzari
Cheibriados
Dithmenos
Elyvilon
Fedhas
Gozag
Hepliaklqana
Kikubaaqudgha
Makhleb
Nemelex Xobeh
Okawaru
Qazlal
Ru
Sif Muna
Trog
Uskayaw
Vehumet
Wu Jian
Xom
Yredelemnul
Zin
The Shining One

Shops:
D:11 !

Portals:
Trove: D:11 (show abyssal rune of Zot)

#### #..#### P.....### ........##
#.#..#...# ###''#''#########
##### #8..#....8##.≈≈##8.(.8#
#P..#.....'..≈≈@Z...$)#
#.#.####.8#.≈≈Z≈Z...([#
#+#....####.≈≈≈Y#8...8#
####....#≈≈≈≈.#######
####.###≈.###8.8## #
#♣♣♣##...#####8.⌠.8#####. ##
##♣P..P###................. ##.
##♣.......♣########'''########♣..
....###...................♣.....#


You could see a dire elephant (soul bound, fleeing) and 3 dire elephant
simulacra.


Message History

Why would you want to do that? You block the dire elephant's attack.
The dire elephant closely misses you.
The dire elephant simulacrum splashes around in the water.
The dire elephant simulacrum trunk-slaps you but does no damage.
You see here a dire elephant corpse. 😕 MP[+1]
Your unstable footing causes you to fumble your attack.
The dire elephant splashes around in the water.
The dire elephant trunk-slaps you but does no damage.
The dire elephant simulacrum splashes around in the water.
You block the dire elephant simulacrum's attack.
Your unstable footing causes you to fumble your attack. 😕 HP[+1]
You slice the dire elephant!!
You feel better.
You hit the dire elephant simulacrum. You slash the dire elephant simulacrum!
The dire elephant barely misses you. You furiously retaliate!
You headbutt the dire elephant, but do no damage.
The dire elephant splashes around in the water.
You block the dire elephant simulacrum's attack.
The dire elephant simulacrum trunk-slaps you.
The dire elephant simulacrum freezes you!
You resist. 😮 HP[-18] MP[-2]
You take 18 damage, and now have 147/198 hp.
You lost 2 mp, and now have 6/13 mp.
You barely miss the dire elephant. You slash the dire elephant simulacrum!
You hit the dire elephant simulacrum.
The dire elephant simulacrum tramples you!
The dire elephant simulacrum freezes you!
You resist.
You block the dire elephant simulacrum's attack. 😮 HP[-37] MP[-1]
You take 37 damage, and now have 110/198 hp.
You lost 1 mp, and now have 5/13 mp.
Your unstable footing causes you to fumble your attack.
The dire elephant barely misses you. You block the dire elephant's attack.
The dire elephant simulacrum tramples you!
* * * LOW HITPOINT WARNING * * *
The dire elephant simulacrum freezes you!!
You resist.
* * * LOW HITPOINT WARNING * * *
You block the dire elephant simulacrum's attack. 😨 HP[-36] MP[-1]
You take 36 damage, and now have 74/198 hp.
You lost 1 mp, and now have 4/13 mp.
Your unstable footing causes you to fumble your attack.
You block the dire elephant simulacrum's attack. x2
The dire elephant barely misses you. You furiously retaliate!
You headbutt the dire elephant!
The dire elephant trunk-slaps you but does no damage.
You slice the dire elephant!!
You feel better.
You hit the dire elephant simulacrum.
You slash the dire elephant simulacrum! x2
The dire elephant simulacrum closely misses you.
The dire elephant simulacrum trunk-slaps you but does no damage. 😨 HP[+21]
You regained 21 hp, and now have 95/198 hp.
Your unstable footing causes you to fumble your attack.
You are no longer berserk.
You are exhausted.
You feel yourself slow down.
The dire elephant tramples you but does no damage.
The dire elephant trunk-slaps you!
* * * LOW HITPOINT WARNING * * *
You block the dire elephant simulacrum's attack. x2
The dire elephant simulacrum tramples you!
* * * LOW HITPOINT WARNING * * *
The dire elephant simulacrum freezes you!
You resist.
* * * LOW HITPOINT WARNING * * *
The dire elephant simulacrum trunk-slaps you.
* * * LOW HITPOINT WARNING * * *
The dire elephant simulacrum freezes you!
You resist.
* * * LOW HITPOINT WARNING * * *
😱 HP[-76] MP[-2]
You now have 132 max hp (-66).
You take 76 damage, and now have 19/132 hp.
MASSIVE DAMAGE!! (PAUSE)
You lost 2 mp, and now have 2/13 mp.
Press: ? - help, v - describe, . - travel
Here: a dire elephant simulacrum (water, severely damaged) Some deep water.
As you read the scroll of fear, it crumbles to dust.
You assume a fearsome visage.
The dire elephant simulacrum is unaffected.
The dire elephant simulacrum is unaffected.
The dire elephant simulacrum is unaffected.
The dire elephant looks frightened!
The dire elephant simulacrum tramples you.
* * * LOW HITPOINT WARNING * * *
The dire elephant simulacrum freezes you!
You resist.
* * * LOW HITPOINT WARNING * * *
You block the dire elephant simulacrum's attack.
The dire elephant simulacrum misses you.
You furiously retaliate!
You headbutt the dire elephant simulacrum, but do no damage.
You block the dire elephant simulacrum's attack.
The dire elephant simulacrum tramples you!
You die...

Skill      XL: |  1  2  3  4  5  6  7  8  9 10 11 12 13 14 |
---------------+-------------------------------------------+-----
Fighting       | 4 5 6 8 10 11 12 13 14 | 14.1
Axes           | 4 5 6 8 10 11 12 13 14 | 14.2
Shields        | 1 5 8 10 11 13 14 | 14.3
Armour         | 4 6 7 9 10 | 10.9
Evocations     | 2 4 5 6 7 8 |  8.1
Dodging        | 4 5 7 8 9 10 | 10.1
Stealth        | |  0.1

Action                   |  1- 3 |  4- 6 |  7- 9 | 10-12 | 13-15 || total
-------------------------+-------+-------+-------+-------+-------++-------
Melee: Hand axe          |    37 |    56 |       |       |       ||    93
       Headbutt          |     6 |    22 |    30 |   137 |    97 ||   292
       Mace              |       |    56 |    49 |       |       ||   105
       War axe           |       |       |   131 |   511 |   343 ||   985
       Morningstar       |       |       |       |       |    10 ||    10
Throw: Javelin           |       |       |       |       |    20 ||    20
Invok: Berserk           |     1 |     1 |     5 |     9 |     1 ||    17
       Trog's Hand       |       |       |     4 |     2 |     2 ||     8
       Brothers in Arms  |       |       |       |     1 |     2 ||     3
Evoke: Wand              |       |       |     2 |       |       ||     2
  Use: Scroll            |       |       |     7 |    20 |     1 ||    28
Armor: Ring mail         |     6 |    50 |    53 |   150 |    73 ||   332
       Animal skin       |     2 |       |       |       |       ||     2
Dodge: Dodged            |    22 |    63 |    50 |   158 |   105 ||   398
Block: Kite shield       |       |       |    52 |   292 |   221 ||   565

Levels and vault maps discovered:
D:1:      scummos_arrival_checkerplants, layout_basic,
          ebering_ecumenical_altar_ruins, minmay_misc_feat_plants,
          minmay_crystal_room, serial_bayou_pond_a, serial_bayou_pond_b
D:2:      layout_basic, corexii_leaking_fountain
D:3:      layout_rooms, marbit_many_paths
D:4:      layout_basic, chei_slow_surprise, grunt_dithmenos_smoke,
          lightli_temple_of_fire, chequers_mini_garden
D:5:      layout_basic, uniq_pikel, uniq_crazy_yiuf_cottage, uniq_ijyb
D:6:      layout_basic, gammafunk_ghost_nasty_kobolds
D:7:      layout_loops_corners, mainiacjoe_overflow_swirl, fedhas_altar_1,
          gammafunk_temple_overflow_statue, minmay_temple_entry_slanted,
          uniq_menkaure, uniq_maggie
D:8:      minmay_curly_fans, layout_cave_pools
D:9:      gammafunk_boulding_lane, layout_gridville, kennysheep_orc_sif_temple,
          kiku_gazebo_garden_becter, special_room [special_room_orc],
          the_hattery, uniq_psyche, uniq_joseph
D:10:     layout_basic, general_overflow_altar
D:11:     layout_layer_cave, minmay_lair_entry_grove, orc_0_dummy, serial_shops,
          nicolae_shop_stone, enter_trove_2, grunt_decor_fettered, minivault_5,
          nicolae_gozag_seed_capital, uniq_nergalle
Temple:   eino_temple_lava
Lair:1:   layout_loops_ring, serial_bayou_pond_e, infiniplex_staircase_pool,
          serial_bayou_shore_a, minmay_lair_oklob_chamber
Lair:2:   layout_chaotic_city, gauntlet_entry_generic, kennysheep_rathole,
          uniq_urug
Lair:3:   layout_hall_layers, minmay_shattered_shrine, serial_bayou_shore_b
Lair:4:   layout_loops_ring, minmay_shoals_entry_lonely_mermaid,
          grunt_megastairs_2, uniq_nessos
Lair:5:   layout_cave_pods
Lair:6:   due_jungle_book, layout_misc_corridors,
          minmay_slime_entry_oklob_enclosed, st_stairs_6

Notes
Turn   | Place    | Note
-------+----------+-------------------------------------------
     0 | D:1      | swappor the Minotaur Berserker began the quest for the Orb.
     0 | D:1      | Reached XP level 1. HP: 19/19 MP: 0/0
   480 | D:1      | Found a faded altar of an unknown god.
   571 | D:1      | Reached skill level 4 in Fighting
   635 | D:1      | Reached skill level 4 in Axes
   635 | D:1      | Reached XP level 2. HP: 27/27 MP: 1/1
   928 | D:2      | You fall into a shaft and drop 2 floors!
   928 | D:4      | Found a shadowy altar of Dithmenos.
   933 | D:4      | Noticed a black bear
   950 | D:4      | Killed a black bear
   951 | D:4      | Reached skill level 5 in Fighting
   951 | D:4      | Reached skill level 5 in Axes
   951 | D:4      | Reached XP level 3. HP: 36/36 MP: 2/2
   951 | D:4      | Reached XP level 4. HP: 42/42 MP: 3/3
  1048 | D:2      | Reached ** piety under Trog
  1063 | D:2      | Reached XP level 5. HP: 45/48 MP: 4/4
  1701 | D:3      | Found a stormy altar of Qazlal.
  2199 | D:4      | Reached skill level 6 in Axes
  2282 | D:4      | Found a snail-covered altar of Cheibriados.
  2419 | D:4      | Found a bloodstained altar of Trog.
  2559 | D:4      | Reached skill level 6 in Fighting
  2856 | D:5      | Entered Level 5 of the Dungeon
  2856 | D:5      | Noticed Ijyb
  2866 | D:5      | Killed Ijyb
  2871 | D:5      | Reached XP level 6. HP: 57/57 MP: 5/5
  2967 | D:5      | Noticed a water moccasin
  2982 | D:5      | Killed a water moccasin
  2983 | D:5      | Reached skill level 7 in Axes
  3173 | D:5      | Reached skill level 7 in Fighting
  3188 | D:5      | Noticed Pikel
  3211 | D:5      | Killed Pikel
  3212 | D:5      | Reached skill level 8 in Fighting
  3212 | D:5      | Reached skill level 8 in Axes
  3212 | D:5      | Reached XP level 7. HP: 62/69 MP: 6/6
  3417 | D:5      | Reached *** piety under Trog
  3418 | D:5      | Reached XP level 8. HP: 75/75 MP: 7/7
  3471 | D:5      | Reached skill level 9 in Axes
  3650 | D:5      | Reached skill level 9 in Fighting
  3978 | D:5      | Found a runed translucent door.
  3979 | D:5      | Noticed Crazy Yiuf
  3994 | D:5      | Killed Crazy Yiuf
  4337 | D:6      | Reached skill level 10 in Axes
  4341 | D:6      | Reached skill level 10 in Fighting
  4597 | D:6      | Reached skill level 1 in Shields
  4702 | D:6      | Reached XP level 9. HP: 84/85 MP: 8/8
  4816 | D:6      | Found a runed translucent gate.
  4817 | D:6      | Found a runed translucent gate.
  4818 | D:6      | Found a runed translucent gate.
  4819 | D:6      | Noticed AltoTato's ghost (novice DrBe)
  4819 | D:6      | Noticed a kobold demonologist
  5015 | D:6      | Reached skill level 3 in Armour
  5015 | D:6      | Reached skill level 2 in Shields
  5015 | D:6      | Reached skill level 1 in Evocations
  5146 | D:6      | Noticed a soul eater
  5153 | D:6      | Noticed an orange demon
  5194 | D:6      | Killed a kobold demonologist
  5195 | D:6      | Reached skill level 3 in Dodging
  5197 | D:6      | Reached skill level 3 in Shields
  5241 | D:6      | Killed AltoTato's ghost
  5242 | D:6      | Reached skill level 4 in Shields
  5242 | D:6      | Reached skill level 2 in Evocations
  5246 | D:6      | Reached skill level 4 in Armour
  5567 | D:7      | Found a blossoming altar of Fedhas.
  5586 | D:7      | Found a staircase to the Ecumenical Temple.
  5710 | D:7      | Noticed Maggie
  5721 | D:7      | Killed Maggie
  5722 | D:7      | Reached skill level 4 in Dodging
  5722 | D:7      | Reached skill level 5 in Shields
  5841 | D:7      | Reached skill level 11 in Axes
  5870 | D:7      | Noticed Menkaure
  5883 | D:7      | Killed Menkaure
  5884 | D:7      | Reached XP level 10. HP: 85/94 MP: 9/9
  5975 | D:7      | magus.rc [v1.11.2]
  6086 | D:7      | Identified the +3 falchion "Newt's Undoing" {flame, Stlth+}
  6245 | D:7      | Reached skill level 3 in Evocations
  6341 | D:7      | Found a glowing silver altar of Zin.
  6350 | D:7      | Found a glowing golden altar of the Shining One.
  6455 | D:7      | Found an iron altar of Okawaru.
  6456 | D:7      | Found a broken altar of Ashenzari.
  6736 | Temple   | Entered the Ecumenical Temple
  6869 | D:8      | Reached **** piety under Trog
  6871 | D:8      | Reached skill level 11 in Fighting
  6875 | D:8      | Reached skill level 5 in Armour
  6875 | D:8      | Reached skill level 6 in Shields
  7021 | D:8      | You pick up a book of Changes {forbidden} and begin
                  | reading...
  7021 | D:8      | You add the spells Beastly Appendage, Wereblood and Spider
                  | Form to your library.
  7086 | D:8      | Noticed a cyclops
  7363 | D:7      | Killed a cyclops
  7469 | D:8      | You pick up a book of Maledictions {forbidden} and begin
                  | reading...
  7469 | D:8      | You add the spells Corona, Ensorcelled Hibernation and
                  | Tukima's Dance to your library.
  7771 | D:9      | Noticed a two-headed ogre
  7786 | D:9      | Killed a two-headed ogre
  7787 | D:9      | Reached skill level 5 in Dodging
  7868 | D:9      | magus.rc [v1.11.2]
  7901 | D:9      | Found a transporter.
  7901 | D:9      | Noticed a boulder beetle
  7902 | D:9      | Found a transporter.
  7916 | D:9      | Killed a boulder beetle
  7917 | D:9      | Reached skill level 7 in Shields
  8123 | D:9      | Reached skill level 6 in Armour
  8123 | D:9      | Reached skill level 4 in Evocations
  8134 | D:9      | Noticed Psyche
  8140 | D:9      | Killed Psyche
  8295 | D:9      | Found a shimmering blue altar of Sif Muna.
  8325 | D:9      | Identified a scroll of acquirement
  8325 | D:9      | Acquired a +4 ring of slaying
  8555 | D:9      | Noticed Joseph
  8571 | D:9      | Killed Joseph
  8572 | D:9      | Reached skill level 8 in Shields
  8572 | D:9      | Reached XP level 11. HP: 83/102 MP: 10/10
  8719 | D:9      | Found an ancient bone altar of Kikubaaqudgha.
  9073 | D:10     | Entered Level 10 of the Dungeon
  9308 | D:10     | Reached skill level 6 in Dodging
  9369 | D:10     | Noticed a two-headed ogre
  9384 | D:10     | Killed a two-headed ogre
  9435 | D:10     | Reached ***** piety under Trog
  9478 | D:10     | Reached skill level 9 in Shields
  9687 | D:10     | Reached skill level 12 in Axes
  9991 | D:10     | Found a burning altar of Makhleb.
 10104 | D:11     | Found an opulent altar of Gozag.
 10142 | D:11     | Found Zeawoeqe's Distillery.
 10165 | D:11     | Noticed a two-headed ogre
 10188 | D:11     | Killed a two-headed ogre
 10189 | D:11     | Reached skill level 7 in Armour
 10361 | D:11     | Noticed a purple ugly thing
 10387 | D:11     | Killed a purple ugly thing
 10388 | D:11     | Reached skill level 12 in Fighting
 10388 | D:11     | Reached skill level 5 in Evocations
 10454 | D:11     | magus.rc [v1.11.2]
 10561 | D:11     | Found a portal to a secret trove of treasure.
 10563 | D:11     | Noticed Nergalle
 10589 | D:11     | Killed Nergalle
 10594 | D:11     | Reached skill level 10 in Shields
 10655 | D:11     | Reached skill level 7 in Dodging
 10718 | D:11     | Found a staircase to the Orcish Mines.
 10750 | D:11     | Reached XP level 12. HP: 85/112 MP: 11/11
 10849 | D:11     | Found a staircase to the Lair.
 12005 | Lair:1   | Entered Level 1 of the Lair of Beasts
 12068 | Lair:1   | Received a gift from Trog
 12072 | Lair:1   | Reached skill level 8 in Armour
 12079 | Lair:1   | You pick up a book of the Moon {forbidden} and begin
                  | reading...
 12079 | Lair:1   | You add the spells Passage of Golubria, Silence and
                  | Lehudib's Crystal Spear to your library.
 13048 | Lair:1   | magus.rc [v1.11.2]
 13318 | Lair:2   | Found a gate leading to a gauntlet.
 13338 | Lair:2   | Reached skill level 11 in Shields
 13356 | Gauntlet | Entered a Gauntlet
 13356 | Gauntlet | Found a transporter.
 13361 | Gauntlet | Found a runed translucent door.
 13362 | Gauntlet | Found a transporter.
 13363 | Gauntlet | Found a transporter.
 13364 | Gauntlet | Found a transporter.
 13367 | Gauntlet | Found a transporter.
 13368 | Gauntlet | Found a transporter.
 13376 | Gauntlet | Found a transporter.
 13385 | Gauntlet | Found a transporter.
 13410 | Gauntlet | Found a runed translucent door.
 13446 | Gauntlet | Found a transporter.
 13465 | Gauntlet | Found a transporter.
 13466 | Gauntlet | Found a transporter.
 13478 | Gauntlet | Found a transporter.
 13529 | Gauntlet | Reached skill level 6 in Evocations
 13651 | Gauntlet | Identified the +4 morningstar of Leprig {venom, rC+}
 13656 | Gauntlet | Identified the +0 pair of gloves "Nuteubb" {Harm rC+ Str+6}
 13835 | Gauntlet | Noticed a minotaur
 13844 | Gauntlet | Killed a minotaur
 13845 | Gauntlet | Reached skill level 8 in Dodging
 14163 | Lair:2   | Noticed Urug
 14173 | Lair:2   | Killed Urug
 14174 | Lair:2   | Reached skill level 13 in Axes
 14374 | Lair:2   | a +2 eveningstar {rare}; a +0 chain mail
 14400 | Lair:2   | Reached skill level 9 in Armour
 14407 | Lair:2   | You add the spells Ignite Poison and Shatter to your
                  | library.
 14407 | Lair:2   | Got Maytein's Reference Book on Venom and the Rocks
                  | {forbidden}
 14639 | Lair:2   | Identified the +5 arbalest "Spider's Funeral" {freeze,
                  | Str+2 Stlth+}
 14896 | Lair:3   | You pick up a book of Decay {forbidden} and begin
                  | reading...
 14896 | Lair:3   | You add the spells Corpse Rot, Dispel Undead and Death
                  | Channel to your library.
 14930 | Lair:3   | Noticed a boulder beetle
 14943 | Lair:3   | Reached skill level 13 in Fighting
 14943 | Lair:3   | Reached XP level 13. HP: 122/122 MP: 12/12
 14949 | Lair:3   | Reached skill level 12 in Shields
 15940 | Lair:4   | Reached skill level 7 in Evocations
 16019 | Lair:4   | Reached skill level 9 in Dodging
 16172 | Lair:4   | Reached skill level 13 in Shields
 16174 | Lair:4   | Reached skill level 10 in Armour
 16325 | Lair:4   | Found a staircase to the Snake Pit.
 16431 | Lair:4   | Noticed Nessos
 16452 | Lair:4   | Killed Nessos
 17009 | Lair:4   | Found a staircase to the Shoals.
 17530 | Lair:5   | Reached XP level 14. HP: 130/130 MP: 11/13
 18077 | Lair:6   | Entered Level 6 of the Lair of Beasts
 18114 | Lair:6   | Received a gift from Trog
 18538 | Lair:6   | Reached skill level 14 in Axes
 18617 | Lair:6   | Found a staircase to the Slime Pits.
 19044 | Lair:6   | Reached skill level 14 in Fighting
 19052 | Lair:6   | Reached skill level 14 in Shields
 19220 | Lair:6   | Reached skill level 8 in Evocations
 19224 | Lair:6   | Reached skill level 10 in Dodging
 19449 | Lair:6   | HP: 27/132 [dire elephant simulacrum (7)]
 19450 | Lair:6   | HP: 3/132 [dire elephant simulacrum (15)]
 19450 | Lair:6   | Slain by a dire elephant simulacrum

Vanquished Creatures
  A minotaur (Gauntlet)
  3 dire elephants (Lair:6)
  6 hydras
  A catoblepas (Lair:4)
  2 boulder beetles
  3 two-headed ogres
  10 death yaks
  Urug (Lair:2)
  Nergalle (D:11)
  A spectral death yak (Lair:6)
  A spectral anaconda (Lair:6)
  An obsidian statue (Lair:6)
  2 glowing orange brains (Gauntlet)
  A necromancer (Lair:6)
  3 ugly things
  Pikel (D:5)
  2 manticores (D:11)
  A cyclops (D:7)
  4 elephants
  2 torpor snails
  A merfolk siren (Lair:4)
  The ghost of AltoTato the Skirmisher, a novice DrBe of Trog (D:6)
  A dire elephant zombie (Lair:6)
  Joseph (D:9)
  2 black mambas
  3 rime drakes
  6 cane toads
  An unseen horror (D:11)
  5 komodo dragons
  Maggie (D:7)
  Psyche (D:9)
  A kobold demonologist (D:6)
  A troll (D:10)
  A polar bear (Lair:2)
  A wolf spider simulacrum (Gauntlet)
  A hornet (D:7)
  19 blink frogs
  A spectral elephant (Lair:6)
  A spriggan (D:9)
  3 shadows
  55 yaks
  A wraith (D:11)
  A centaur simulacrum (Gauntlet)
  8 wyverns
  3 basilisks
  3 steam dragons
  A vampire mosquito (D:8)
  A redback simulacrum (Gauntlet)
  Menkaure (D:7)
  An acid dragon (D:10)
  16 water moccasins
  6 orc warriors
  2 black bears
  An ice dragon simulacrum (Gauntlet)
  3 ogres
  A necrophage (D:5)
  9 wolves
  An elephant skeleton (Lair:6)
  A lemure (D:5)
  3 centaurs
  8 kobold brigands
  10 bullfrogs
  A wyvern zombie (D:6)
  A water moccasin zombie (D:6)
  2 scorpions
  A water moccasin skeleton (D:5)
  9 killer bees
  2 elephant simulacra (Lair:6)
  An electric eel (Lair:1)
  3 howler monkeys
  A bullfrog zombie (D:7)
  3 centaur zombies
  An iron imp (D:4)
  A jelly (D:5)
  Crazy Yiuf (D:5)
  2 bullfrog skeletons
  7 orc priests
  A centaur skeleton (D:5)
  2 hounds
  4 iguanas
  11 orc wizards
  Ijyb (D:5)
  9 hell rats
  A killer bee zombie (D:7)
  A howler monkey zombie (D:7)
  8 river rats (Lair:2)
  5 adders
  A white imp (D:4)
  2 worms
  4 dart slugs
  54 orcs
  7 endoplasms
  3 goblins
  5 hobgoblins
  3 jackals (D:4)
  4 quokkas
  5 ball pythons
  6 bats
  A frilled lizard (D:2)
  7 kobolds
  4 rats
420 creatures vanquished.

Vanquished Creatures (collateral kills)
  Nessos (Lair:4)
  6 oklob plants
  A cane toad (Lair:1)
  A water moccasin (Lair:1)
9 creatures vanquished.

Vanquished Creatures (others)
  A bullfrog (Lair:4)
  A kobold brigand (D:6)
  2 bushes (D:11)
  23 fungi
  50 plants
  19 withered plants
96 creatures vanquished.

Grand Total: 525 creatures vanquished

Table legend:
 A = Non-vault XP
 B = Vault XP
 C = Vault XP percentage of total XP
 D = Non-vault monster count
 E = Vault monster count
 F = Vault count percentage of total count
                 A         B        C        D         E       F
            +---------+---------+-------+---------+---------+-------
      Total |   53837 |   30241 |  36.0 |     311 |     118 |  27.5
            +---------+---------+-------+---------+---------+-------
        D:1 |      20 |       7 |  25.9 |       9 |       5 |  35.7
        D:2 |      47 |       0 |   0.0 |      13 |       0 |   0.0
        D:3 |      51 |       2 |   3.8 |      15 |       1 |   6.2
        D:4 |     173 |      43 |  19.9 |      12 |       1 |   7.7
        D:5 |     988 |     662 |  40.1 |      27 |       3 |  10.0
        D:6 |    1118 |    1486 |  57.1 |      23 |       9 |  28.1
        D:7 |    1157 |    1031 |  47.1 |      17 |       3 |  15.0
        D:8 |     649 |     177 |  21.4 |      17 |       1 |   5.6
        D:9 |    1712 |    2589 |  60.2 |      14 |      29 |  67.4
       D:10 |    3873 |       0 |   0.0 |      19 |       0 |   0.0
       D:11 |    5103 |    2883 |  36.1 |      15 |      13 |  46.4
     Lair:1 |    2472 |     845 |  25.5 |      13 |       3 |  18.8
     Lair:2 |    3022 |    1010 |  25.0 |      17 |      11 |  39.3
     Lair:3 |    7149 |    2856 |  28.5 |      25 |       7 |  21.9
     Lair:4 |   11152 |    2757 |  19.8 |      26 |       6 |  18.8
     Lair:5 |    8135 |       0 |   0.0 |      32 |       0 |   0.0
     Lair:6 |    7016 |    9333 |  57.1 |      17 |      17 |  50.0
   Gauntlet |       0 |    4560 | 100.0 |       0 |       9 | 100.0
            +---------+---------+-------+---------+---------+-------

Illustrated notes

Table legend:
 A = Kills in this place as a percentage of kills in entire the game.
 B = Kills by you in this place as a percentage of kills by you in the entire game.
 C = Kills by friends in this place as a percentage of kills by friends in the entire game.
 D = Other kills in this place as a percentage of other kills in the entire game.
 E = Experience gained in this place as a percentage of experience gained in the entire game.
 F = Experience gained in this place divided by the number of levels of this place that you have seen.
                   A       B       C       D       E      F
               +-------+-------+-------+-------+-------+----------------------
         Total | 100.0 | 100.0 | 100.0 | 100.0 | 100.0 | 4425.2
       Dungeon |  57.3 |  58.7 |   0.0 |   0.0 |  28.3 | 2161.0
          Lair |  40.6 |  39.1 | 100.0 | 100.0 |  66.3 | 9291.2
      Gauntlet |   2.1 |   2.1 |   0.0 |   0.0 |   5.4 | 4560.0
               +-------+-------+-------+-------+-------+----------------------

Table legend: (Time is in decaauts)
 A = Elapsed time spent in this place.
 B = Non-inter-level travel time spent in this place.
 C = Inter-level travel time spent in this place.
 D = Time resting spent in this place.
 E = Time spent auto-exploring this place.
 F = Levels seen in this place.
 G = Mean time per level.
                   A        B        C        D        E       F      G
               +--------+--------+--------+--------+--------+-----+--------+
         Total |  19635 |  19101 |    534 |   1707 |  13730 |  19 | 1033.4 |
       Dungeon |  12128 |  11691 |    437 |    866 |   8413 |  11 | 1102.5 |
        Temple |     71 |     66 |      5 |      0 |     62 |   1 |   71.0 |
          Lair |   6808 |   6716 |     92 |    508 |   5107 |   6 | 1134.7 |
      Gauntlet |    625 |    625 |      0 |    332 |    147 |   1 |  625.0 |
               +--------+--------+--------+--------+--------+-----+--------+

Top non-repeatable levels by time:
    D:11: 1990 daAuts
     D:7: 1541 daAuts
     D:5: 1436 daAuts
     D:6: 1370 daAuts
  Lair:6: 1344 daAuts
     D:9: 1281 daAuts
  Lair:4: 1271 daAuts
  Lair:1: 1253 daAuts
     D:4: 1056 daAuts
  Lair:3: 1038 daAuts
  Lair:2: 975 daAuts
    D:10: 970 daAuts
  Lair:5: 926 daAuts
     D:1: 920 daAuts
     D:8: 661 daAuts
